 Dungeon Crawl Stone Soup version 0.24.0-1-gfbc8707122 (webtiles) character file.

Game seed: 3955048538490371411, levelgen mode: deterministic

359 Mrkan the Chopper (level 6, -1/56 HPs)
             Began as a Hill Orc Fighter on Oct 26, 2019.
             Was an Initiate of Dithmenos.
             Slain by a hippogriff (3 damage)
             ... on level 4 of the Dungeon.
             The game lasted 00:05:23 (3205 turns).

Mrkan the Chopper (Hill Orc Fighter)                Turns: 3205, Time: 00:05:23

Health: -1/56      AC:  8    Str: 26    XL:     6   Next: 65%
Magic:  7/7        EV:  7    Int:  8    God:    Dithmenos [......]
Gold:   184        SH: 10    Dex: 10    Spells: 5/5 levels left

rFire    . . .     SeeInvis .   a - +0 war axe
rCold    . . .     Gourm    .   c - +0 shield
rNeg     . . .     Faith    .   b - +0 scale mail
rPois    .         Spirit   .   (no helmet)
rElec    .         Reflect  .   (no cloak)
rCorr    .         Harm     .   l - +0 pair of gloves
MR       .....                  (no boots)
Stlth    ..........             (no amulet)
HPRegen  0.18/turn              (no ring)
MPRegen  0.10/turn              (no ring)

@: mighty, slowed, very slow
A: no striking features
a: Renounce Religion


You were on level 4 of the Dungeon.
You worshipped Dithmenos.
Dithmenos was noncommittal.
You were not hungry.

You visited 1 branch of the dungeon, and saw 4 of its levels.

You collected 184 gold pieces.

Inventory:

Hand Weapons
 a - a +0 war axe (weapon)
Armour
 b - a +0 scale mail (worn)
 c - a +0 shield (worn)
 l - a +0 pair of gloves (worn)
Jewellery
 i - an uncursed amulet of the acrobat {unknown}
 p - an uncursed ring of poison resistance {unknown}
 r - an uncursed ring of poison resistance {unknown}
Scrolls
 e - 4 scrolls of teleportation {unknown}
 g - a scroll of fear {unknown}
 j - 3 scrolls of remove curse {unknown}
 o - 2 scrolls of identify {unknown}
 s - a scroll of fog {unknown}
 t - a scroll of magic mapping {unknown}
 u - a scroll of enchant weapon {unknown}
Potions
 h - 2 potions of haste {unknown}
 k - 4 potions of brilliance {unknown}
 m - 2 potions of degeneration {unknown}
 n - a potion of heal wounds {unknown}
 q - a potion of cancellation {unknown}
Comestibles
 f - 6 rations


   Skills:
 + Level 5.2 Fighting
 * Level 6.5 Axes
 - Level 3.2 Armour
 + Level 4.7 Shields
 + Level 1.4 Invocations


You had 5 spell levels left.
You didn't know any spells.
Your spell library was empty.

Dungeon Overview and Level Annotations

Branches:
Dungeon (4/15)
 Temple: D:4-7

Altars:
Dithmenos
Makhleb
Sif Muna
Yredelemnul
The Shining One


Message History

The hippogriff pecks you but does no damage.
The hippogriff claws you.
* * * LOW HITPOINT WARNING * * *
The hippogriff bites you.
* * * LOW HITPOINT WARNING * * *
The hippogriff closely misses you. You block the hippogriff's attack.
The hippogriff bites you but does no damage.
You block the hippogriff's attack. The hippogriff claws you.
* * * LOW HITPOINT WARNING * * *
You feel very mighty all of a sudden. The hippogriff barely misses you.
You block the hippogriff's attack. The hippogriff claws you.
* * * LOW HITPOINT WARNING * * *
You block the hippogriff's attack. The hippogriff pecks you.
* * * LOW HITPOINT WARNING * * *
The hippogriff claws you but does no damage.
You hit the hippogriff.
The hippogriff is heavily wounded.
The hippogriff bites you.
You die...

#.(....... #......
#......... #.......##
#......... .........#
#......... .........#
#......... .........#
#.........
.........########.........
.:........................
........H@...........)..##
.........#....#.#####...#
........†..........######
.....$.............#
.<......†.†..........#
#.......#..........#..#
....$...#..........##..#
.#...$.............# #..#
..................# #..


You could see a hippogriff.

Vanquished Creatures
  A howler monkey (D:4)
  A crimson imp (D:4)
  2 orc priests (D:3)
  Natasha (D:4)
  2 worker ants
  4 adders
  4 gnolls
  2 dart slugs
  5 leopard geckos (D:3)
  5 orcs
  6 giant cockroaches
  3 hobgoblins
  5 jackals
  6 kobolds
  2 quokkas (D:3)
  13 bats
  3 frilled lizards
  5 goblins
  6 rats
76 creatures vanquished.

Notes
Turn   | Place    | Note
-------+----------+-------------------------------------------
     0 | D:1      | Mrkan the Hill Orc Fighter began the quest for the Orb.
     0 | D:1      | Reached XP level 1. HP: 19/19 MP: 1/1
   214 | D:1      | Reached skill level 3 in Axes
   278 | D:1      | Reached XP level 2. HP: 27/27 MP: 2/2
   856 | D:1      | Reached XP level 3. HP: 33/33 MP: 3/3
   896 | D:2      | Found a shadowy altar of Dithmenos.
  1217 | D:2      | Reached skill level 4 in Axes
  1655 | D:3      | Found a shimmering blue altar of Sif Muna.
  1656 | D:3      | Found a basalt altar of Yredelemnul.
  1777 | D:3      | Reached XP level 4. HP: 21/41 MP: 4/4
  1782 | D:3      | Reached skill level 5 in Axes
  1992 | D:3      | Reached XP level 5. HP: 41/47 MP: 5/5
  2078 | D:3      | Found a burning altar of Makhleb.
  2764 | D:3      | Reached skill level 5 in Fighting
  2764 | D:3      | Reached XP level 6. HP: 51/56 MP: 6/6
  2906 | D:3      | Found a glowing golden altar of the Shining One.
  2943 | D:2      | Became a worshipper of Dithmenos the Shadowed
  3016 | D:4      | Reached skill level 6 in Axes
  3047 | D:4      | Reached skill level 1 in Invocations
  3184 | D:4      | Noticed Natasha
  3193 | D:4      | Killed Natasha
  3194 | D:4      | Noticed a hippogriff
  3204 | D:4      | HP: 2/56 [hippogriff (1)]
  3205 | D:4      | Slain by a hippogriff

Levels and vault maps discovered:
D:1:      matt_arrival_los_fun, layout_basic, minmay_tetromino_o4
D:2:      layout_basic, nicolae_dithmenos_shadow_blocks
D:3:      layout_basic, nicolae_overflow_hidden_temple,
          kennysheep_generic_room_13
D:4:      layout_rooms, uniq_natasha, uniq_duvessa

Skill      XL: |  1  2  3  4  5  6 |
---------------+-------------------+-----
Axes           | 3 4 5 6 |  6.5
Fighting       | 4 5 |  5.2
Shields        | 4 |  4.7
Invocations    | 1 |  1.4
Armour         | |  3.2

Action                   |  1- 3 |  4- 6 || total
-------------------------+-------+-------++-------
Melee: War axe           |   162 |   153 ||   315
  Use: Potion            |       |     1 ||     1
  Eat: Chunk             |     3 |     5 ||     8
Armor: Scale mail        |    95 |    93 ||   188
Dodge: Dodged            |    61 |    67 ||   128
Block: Shield            |    88 |   103 ||   191
